 Dungeon Sprint DCSS version bcrawl-1.23 (webtiles) character file.

Game seed: 17797331310691510698

352 Freyura the Basher (level 6, -12/117 HPs)
             Began as an Ogre Berserker on May 23, 2020.
             Was an Elder of Trog.
             Mangled by a six-headed hydra (15 damage)
             ... in the Dungeon (Sprint IX: "|||||||||||||||||||||||||||||").
             The game lasted 00:02:16 (317 turns).

Freyura the Basher (Ogre Berserker)                  Turns: 317, Time: 00:02:16

Health: -12/117    AC:  3    Str: 32    XL:     6   Next: 61%
Magic:  6/6        EV: 14    Int:  8    God:    Trog [****..]
Gold:   0          SH:  0    Dex:  8    Spells: 5/5 levels left

rFire    . . .     SeeInvis .   a - +0 mace
rCold    . . .     Gourm    .   (no shield)
rNeg     . . .     Faith    .   b - +0 animal skin
rPois    .         Spirit   .   (helmet restricted)
rElec    .         Reflect  .   (no cloak)
rCorr    .         Harm     .   (gloves unavailable)
MR       ++...     NoTele   +   (boots unavailable)
Stlth    ..........             (no amulet)
HPRegen  1.29/turn              o - +2 ring of evasion
MPRegen  0.10/turn              p - +3 ring of strength

@: berserking (expiring), regenerating, very quick
A: large, unfitting armour, tough skin 1
a: Berserk, Trog's Hand, Brothers in Arms, Renounce Religion


You were in the Dungeon.
You worshipped Trog.
Trog was greatly pleased with you.
You were near starving.

You visited 1 branch

Inventory:

Hand Weapons
 a - a +0 mace (weapon)
Armour
 b - a +0 animal skin (worn)
 n - a +0 cloak
Jewellery
 o - a +2 ring of evasion (left hand)
 p - a +3 ring of strength (right hand)
Wands
 m - a wand of iceblast (10)
Scrolls
 i - 2 scrolls of blinking
 l - 3 scrolls of remove curse
Potions
 c - a potion of invisibility
 d - 5 potions of curing
 f - a potion of haste
 g - 4 potions of magic
 h - a potion of berserk rage
 k - 2 potions of heal wounds
Comestibles
 e - a ration {!d}


   Skills:
 + Level 9.7 Fighting
 * Level 11.8 Maces & Flails
 + Level 6.8 Dodging


You had 5 spell levels left.
You didn't know any spells.
Your spell library was empty.

Dungeon Overview and Level Annotations

Branches:
Dungeon (1/1)

Altars:
Cheibriados
Dithmenos
Elyvilon
Fedhas
Gozag
Hepliaklqana
Kikubaaqudgha
Lugonu
Makhleb
Nemelex Xobeh
Okawaru
Qazlal
Ru
Sif Muna
Trog
Uskayaw
Vehumet
Wu Jian
Xom
Yredelemnul
Zin
The Shining One
Beogh
Jiyva


Innate Abilities, Weirdness & Mutations

You are too large for most types of armour.
You have tough skin. (AC +1)


Message History

+0 steam dragon scales; a steam dragon corpse You hit the ice beast.
The ice beast is moderately wounded.
The ice beast closely misses you.
You bludgeon the ice beast!!
The ice beast is almost dead.
You bludgeon the six-headed hydra!!
The six-headed hydra is moderately wounded.
You sock the six-headed hydra!
The six-headed hydra is heavily wounded.
You sock the six-headed hydra!
The six-headed hydra is heavily wounded.
The six-headed hydra bites you!
* * * LOW HITPOINT WARNING * * *
The six-headed hydra bites you.
* * * LOW HITPOINT WARNING * * *
The six-headed hydra bites you!
* * * LOW HITPOINT WARNING * * *
The six-headed hydra bites you!
You die...

▓)▓
▓.▓
▓[▓
▓[▓
▓.▓
▓.▓
▓'▓
▓)▓
▓@▓
▓D▓
▓Y▓
▓Z▓
▓Z▓
▓+▓


You could see a six-headed hydra, an ice beast, a bat zombie and a worker ant
zombie.

Vanquished Creatures
  A steam dragon (D)
  2 centaurs (D)
  2 worker ants (D)
  A dart slug (D)
  An orc (D)
  A goblin (D)
  A hobgoblin (D)
  A bat (D)
  A kobold (D)
  A rat (D)
12 creatures vanquished.

Notes
Turn   | Place    | Note
-------+----------+-------------------------------------------
     0 | D        | Freyura the Ogre Berserker began the quest for the Orb.
     0 | D        | Reached XP level 1. HP: 24/24 MP: 1/1
    10 | D        | Reached skill level 4 in Maces & Flails
    11 | D        | Reached ** piety under Trog
    53 | D        | Noticed a centaur
    53 | D        | Noticed a worker ant
    53 | D        | Noticed a worker ant
    65 | D        | Killed a centaur
    65 | D        | Reached skill level 7 in Maces & Flails
    65 | D        | Reached XP level 2. HP: 8/37 MP: 2/2
    65 | D        | Reached XP level 3. HP: 10/45 MP: 3/3
    65 | D        | Reached XP level 4. HP: 11/53 MP: 4/4
    68 | D        | Reached *** piety under Trog
    68 | D        | Reached skill level 8 in Maces & Flails
    74 | D        | Reached skill level 9 in Maces & Flails
    74 | D        | Reached skill level 5 in Dodging
    74 | D        | Reached XP level 5. HP: 13/62 MP: 5/5
    89 | D        | Found a roughly hewn altar of Beogh.
    89 | D        | Found a snail-covered altar of Cheibriados.
    89 | D        | Found a shadowy altar of Dithmenos.
    89 | D        | Found a white marble altar of Elyvilon.
    89 | D        | Found a blossoming altar of Fedhas.
    89 | D        | Found an opulent altar of Gozag.
    90 | D        | Found a hazy altar of Hepliaklqana.
    91 | D        | Found a viscous altar of Jiyva.
    92 | D        | Found an ancient bone altar of Kikubaaqudgha.
    93 | D        | Found a corrupted altar of Lugonu.
    94 | D        | Found a burning altar of Makhleb.
    95 | D        | Found a sparkling altar of Nemelex Xobeh.
    96 | D        | Found an iron altar of Okawaru.
    97 | D        | Found a stormy altar of Qazlal.
    98 | D        | Found a sacrificial altar of Ru.
    99 | D        | Found a shimmering blue altar of Sif Muna.
   100 | D        | Found a bloodstained altar of Trog.
   101 | D        | Found a hide-covered altar of Uskayaw.
   102 | D        | Found a radiant altar of Vehumet.
   103 | D        | Found an ornate altar of the Wu Jian Council.
   104 | D        | Found a shimmering altar of Xom.
   105 | D        | Found a basalt altar of Yredelemnul.
   106 | D        | Found a glowing silver altar of Zin.
   107 | D        | Found a glowing golden altar of the Shining One.
   299 | D        | Noticed a centaur
   299 | D        | Noticed a steam dragon
   299 | D        | Noticed an ice beast
   299 | D        | Noticed a six-headed hydra
   305 | D        | Killed a centaur
   305 | D        | Reached skill level 10 in Maces & Flails
   311 | D        | Killed a steam dragon
   311 | D        | Reached **** piety under Trog
   311 | D        | Reached skill level 11 in Maces & Flails
   311 | D        | Reached XP level 6. HP: 34/78 MP: 6/6
   317 | D        | HP: 3/117 [six-headed hydra (9)]
   317 | D        | Mangled by a six-headed hydra

Skill      XL: |  1  2  3  4  5 |
---------------+----------------+-----
Maces & Flails | 7 9 11 | 11.8
Dodging        | 4 5 6 |  6.8
Fighting       | 6 7 9 |  9.7

Action                   |  1- 3 |  4- 6 || total
-------------------------+-------+-------++-------
Melee: Mace              |    19 |    21 ||    40
Invok: Berserk           |     2 |     1 ||     3
       Trog's Hand       |     1 |     1 ||     2
  Use: Potion            |     1 |       ||     1
Armor: Animal skin       |     2 |     1 ||     3
Dodge: Dodged            |     8 |    11 ||    19
